 Dungeon Crawl Stone Soup version 0.25.1-2-g60ff931df9 (webtiles) character file.

Game seed: 3672649479419288845

800 Impeuri the Sneak (level 7, 0/36 HPs)
             Began as a Vine Stalker Assassin on Aug 21, 2020.
             Was a Follower of Dithmenos.
             Succumbed to a killer bee's poison
             ... on level 5 of the Dungeon.
             The game lasted 00:08:23 (4081 turns).

Impeuri the Sneak (Vine Stalker Assassin)           Turns: 4081, Time: 00:08:24

Health: 0/36       AC:  6    Str: 13    XL:     7   Next: 90%
Magic:  1/9        EV: 13    Int: 11    God:    Dithmenos [*.....]
Gold:   170        SH:  0    Dex: 24    Spells: 6/6 levels left

rFire    . . .     SeeInvis .   a - +2 dagger
rCold    . . .     Gourm    .   (no shield)
rNeg     + . .     Faith    .   u - +2 robe {rN+}
rPois    .         Spirit   +   (no helmet)
rElec    .         Reflect  .   c - +1 cloak
rCorr    +         Harm     .   (no gloves)
MR       .....                  (no boots)
Stlth    +++++.....             (no amulet)
HPRegen  0.52/turn              l - +6 ring of dexterity
MPRegen  0.11/turn              h - ring of resist corrosion

@: lethally poisoned (0 -> -1), stab, wreathed by umbra
A: fangs 2, regeneration 1, magic shield, antimagic bite, no potion heal 3, rot
immunity
a: Renounce Religion


You were on level 5 of the Dungeon.
You worshipped Dithmenos.
Dithmenos was aware of your devotion.
You were very hungry.

You visited 1 branch of the dungeon, and saw 5 of its levels.

You collected 170 gold pieces.

Inventory:

Hand Weapons
 a - a +2 dagger (weapon)
Missiles
 d - 11 poisoned darts (quivered)
Armour
 c - a +1 cloak (worn)
 u - a +2 robe of positive energy (worn)
Jewellery
 b - a +6 ring of intelligence
 h - a ring of resist corrosion (right hand)
 l - a +6 ring of dexterity (left hand)
Scrolls
 g - a scroll of identify
 i - a scroll of immolation
 o - a scroll of blinking {unknown}
 q - 2 scrolls of enchant weapon {unknown}
 r - 3 scrolls of teleportation
Potions
 j - a potion of invisibility {unknown}
 k - 2 potions of curing
 n - 2 potions of haste {unknown}
 v - a potion of mutation {unknown}
Comestibles
 f - 13 rations


   Skills:
 + Level 3.1 Fighting
 + Level 4.0 Short Blades
 + Level 3.9 Throwing
 + Level 2.4 Dodging
 + Level 7.1 Stealth
 + Level 2.4 Invocations


You had 6 spell levels left.
You didn't know any spells.
Your spell library was empty.

Dungeon Overview and Level Annotations

Branches:
Dungeon (5/15)             Temple (0/1) D:5

Altars:
Cheibriados
Dithmenos
Elyvilon

Annotations:
D:5 Grinder


Innate Abilities, Weirdness & Mutations

You have extremely sharp teeth.
Your natural rate of healing is unusually fast.
When hurt, damage is shared between your health and your magic reserves.
Your bite disrupts and absorbs the magic of your enemies.
Potions cannot restore your health.
You are immune to rotting.


Message History

Aim: a killer bee You throw a curare-tipped dart.
The curare-tipped dart misses the killer bee.
The curare-tipped dart hits the killer bee.
The killer bee is poisoned.
The killer bee convulses.
The killer bee seems to slow down.
The killer bee is moderately wounded.
Grinder blinks!
It was a potion of stabbing.
You feel ready to backstab. The killer bee stings you.
* * * LOW HITPOINT WARNING * * *
You are lethally poisoned!
The killer bee poisons you! The killer bee barely misses you.
Throwing (i - inventory)
d - 12 poisoned darts (quivered)
Press: ? - help, Shift-Dir - straight line, f/p - killer bee
Aim: a killer bee (umbra)
You throw a poisoned dart. The poisoned dart hits the killer bee!
The killer bee is poisoned.
You die...

#.# ##### #.#
#.# #.# #.#
#.# #.# #.#
#@# #y# #y#
#y# ###(###
#..ยง..#
**#..(#.#
##โ‰ˆ.....#
##โ‰ˆโ‰ˆ.(..#*


You could see 3 killer bees.

Vanquished Creatures
  A centaur (D:5)
  An ogre (D:5)
  Blork the orc (D:4)
  A scorpion (D:4)
  3 killer bees (D:5)
  2 howler monkeys (D:5)
  A jelly (D:5)
  3 hounds
  Jessica (D:3)
  7 adders
  An adder zombie (D:5)
  2 worms
  4 dart slugs
  3 leopard geckos
  3 orcs
  A ball python (D:4)
  8 bats
  5 giant cockroaches
  6 goblins
  5 hobgoblins
  5 jackals
  2 frilled lizards
  9 kobolds
  2 quokka skeletons
  2 rats (D:3)
  A plant (D:5)
80 creatures vanquished.

Notes
Turn   | Place    | Note
-------+----------+-------------------------------------------
     0 | D:1      | Impeuri the Vine Stalker Assassin began the quest for the
                  | Orb.
     0 | D:1      | Reached XP level 1. HP: 11/11 MP: 2/2
    75 | D:1      | Reached skill level 5 in Stealth
    80 | D:1      | Reached XP level 2. HP: 5/15 MP: 3/3
   641 | D:1      | Reached XP level 3. HP: 18/18 MP: 4/4
  1392 | D:2      | Found a shadowy altar of Dithmenos.
  1425 | D:2      | Became a worshipper of Dithmenos the Shadowed
  2131 | D:3      | Gained mutation: Your natural rate of healing is unusually
                  | fast. [Vine Stalker growth]
  2131 | D:3      | Reached XP level 4. HP: 21/23 MP: 3/5
  2436 | D:3      | Noticed Jessica
  2451 | D:3      | Killed Jessica
  2543 | D:3      | Found a white marble altar of Elyvilon.
  2554 | D:3      | Reached skill level 6 in Stealth
  2554 | D:3      | Reached XP level 5. HP: 26/26 MP: 6/6
  2623 | D:3      | Reached * piety under Dithmenos
  2997 | D:4      | Found a snail-covered altar of Cheibriados.
  3242 | D:4      | Noticed Blork the orc
  3256 | D:4      | Killed Blork the orc
  3256 | D:4      | Reached skill level 1 in Dodging
  3256 | D:4      | Reached skill level 1 in Invocations
  3256 | D:4      | Reached XP level 6. HP: 27/30 MP: 5/7
  3756 | D:5      | Entered Level 5 of the Dungeon
  3806 | D:5      | Reached XP level 7. HP: 19/35 MP: 6/9
  4064 | D:5      | Noticed Grinder
  4074 | D:5      | Reached skill level 7 in Stealth
  4080 | D:5      | HP: 1/36 [killer bee (3)]
  4081 | D:5      | Succumbed to a killer bee's poison

Illustrated notes

Levels and vault maps discovered:
D:1:      wander_arrival_desolate, layout_basic, minmay_misc_feat_rows
D:2:      minmay_evil_eye, layout_loops_ring, nicolae_dithmenos_shadow_blocks
D:3:      layout_basic, elyvilon_altar_5, uniq_jessica
D:4:      layout_loops_corners, lemuel_crystal_altar, first_ration,
          uniq_blork_the_orc
D:5:      layout_basic, minmay_temple_entry_large_hall,
          cheibrodos_sewer_entry_bend, serial_shops, shop_statue,
          serial_bayou_lagoon_a, minmay_manual_mail, uniq_grinder

Skill      XL: |  1  2  3  4  5  6  7 |
---------------+----------------------+-----
Short Blades   | 2 3 4 |  4.0
Stealth        | 5 6 7 |  7.1
Throwing       | 2 3 |  3.9
Fighting       | 2 3 |  3.1
Dodging        | 1 2 |  2.4
Invocations    | 1 2 |  2.4

Action                   |  1- 3 |  4- 6 |  7- 9 || total
-------------------------+-------+-------+-------++-------
Melee: Dagger            |   122 |    68 |   101 ||   291
       Bite              |    28 |    25 |    62 ||   115
Throw: Dart              |     3 |    15 |    22 ||    40
  Use: Scroll            |       |     6 |       ||     6
       Potion            |       |       |     2 ||     2
 Stab: Sleeping          |     9 |    12 |       ||    21
       Distracted        |       |       |     1 ||     1
  Eat: Chunk             |     3 |     5 |     1 ||     9
Armor: Robe              |    36 |     7 |     6 ||    49
Dodge: Dodged            |    82 |    39 |    31 ||   152
